 Dungeon Crawl Stone Soup version 0.30-a0-778-g2ef04afb54 (console) character file.

Game seed: 16913441406644297246

437 rlgrobin the Cleaver (level 7, -4/57 HPs)
             Began as a Meteoran Fighter on Feb 17, 2023.
             Slain by a two-headed ogre
             ... wielding a +0 giant club
              (16 damage)
             ... on level 9 of the Dungeon.
             The game lasted 00:02:48 (523 turns).

rlgrobin the Cleaver (Meteoran Fighter)              Turns: 523, Time: 00:02:49

Health: -4/57      AC:  8    Str: 20    XL:     7   Next: 45%
Magic:  8/8        EV:  9    Int: 10    God:
Gold:   26         SH:  5    Dex: 13    Spells: 6/6 levels left

rFire   . . .      SeeInvis .    a - +0 war axe
rCold   . . .      Faith    .    c - +0 buckler
rNeg    . . .      Spirit   .    b - +0 scale mail
rPois   .          Reflect  .    (no helmet)
rElec   .          Harm     .    (no cloak)
rCorr   .          Rampage  .    (no gloves)
Will    .....                    i - +0 pair of boots Stlth
                                 (no amulet)
HPRegen 0.29/turn                (no ring)
MPRegen 0.11/turn                (no ring)

@: glowing
A: sense surroundings 1, otherworldly, glowing, explore regen
a: no special abilities


You were on level 9 of the Dungeon.
You visited 1 branch of the dungeon, and saw 9 of its levels.

You collected 26 gold pieces.

Inventory:

Hand Weapons
 a - a +0 war axe (weapon)
Armour
 b - a +0 scale mail (worn)
 c - a +0 buckler (worn)
 e - an orb of wrath
 i - a +0 pair of boots (worn)
 k - an orb of guile
Wands
 j - a wand of flame (18)
Scrolls
 f - a scroll of poison {unknown}
 g - 3 scrolls of teleportation {unknown}
 l - a scroll of enchant armour {unknown}
Potions
 d - 2 potions of might
 h - a potion of lignification {unknown}
 m - a potion of cancellation {unknown}


   Skills:
 - Level 3.2 Fighting
 + Level 8.8 Axes
 - Level 3.6 Armour
 - Level 3.6 Shields


You had 6 spell levels left.
You didn't know any spells.
Your spell library was empty.

Dungeon Overview and Level Annotations

Branches:
Dungeon (9/15) Zot: 4862
 Temple: D:4-7         Lair: D:8-11         Orc: D:9-12

Altars:
Elyvilon


Innate Abilities, Weirdness & Mutations

You passively map a small area around you.
You are easily found by Zot.
You glow in the dark.
You regain HP and MP as you explore.


Message History

The two-headed ogre barely misses you.
The two-headed ogre hits you with a +0 giant spiked club!
You slash the two-headed ogre!
The two-headed ogre is moderately wounded.
You hit the centaur but do no damage. You block the centaur's attack.
The centaur kicks you but does no damage.
You block the centaur's attack. The centaur kicks you.
An orc priest comes into view. It is wielding a +0 short sword.
You are too injured to fight recklessly!
You are too injured to fight recklessly!
You are too injured to fight recklessly!
You hit the two-headed ogre but do no damage.
The two-headed ogre is moderately wounded.
You closely miss the centaur.
The centaur hits you but does no damage.
The centaur kicks you. The two-headed ogre barely misses you.
The two-headed ogre hits you with a +0 giant spiked club!
* * * LOW HITPOINT WARNING * * *
A wyvern comes into view.
The centaur hits you but does no damage.
The centaur kicks you but does no damage.
The wyvern hisses angrily.
You hit the two-headed ogre.
The two-headed ogre is moderately wounded.
You barely miss the centaur.
You hear a shout!
The centaur hits you but does no damage.
The centaur kicks you but does no damage.
The orc priest looks satisfied for a moment.
The two-headed ogre completely misses you.
The two-headed ogre barely misses you.
You hit the two-headed ogre.
The two-headed ogre is moderately wounded.
You slash the centaur! The centaur completely misses you.
The centaur closely misses you.
An orc wizard comes into view. It is wielding a +0 dagger.
The centaur hits you but does no damage.
The centaur kicks you but does no damage.
The two-headed ogre hits you with a +0 giant club!
You die...

..........## #....~~
...........###..........
,
.......................o
........................
....................l...
,
.....................o..
............:...........
................Ooo.....
................@c......
........................
....8.8.8........###....,
................## ... ,
..##..8.........# . ,, ##
.............# , *
,........... * , ,
.....#.... * ,


You could see a two-headed ogre, a wyvern, a centaur, an orc priest, 2 orc
wizards and an orc.

Vanquished Creatures
  Sigmund (D:4)
  A black bear (D:5)
  A centaur (D:5)
  A scorpion (D:5)
  An orc wizard (D:5)
  An adder (D:2)
  2 dart slugs
  2 orcs (D:5)
  2 ball pythons (D:2)
  An endoplasm (D:3)
  A giant cockroach (D:2)
  3 goblins
  A hobgoblin (D:1)
  3 bats (D:2)
  A frilled lizard (D:3)
  A quokka skeleton (D:2)
23 creatures vanquished.

Notes
Turn   | Place    | Note
-------+----------+-------------------------------------------
     0 | D:1      | rlgrobin the Meteoran Fighter began the quest for the Orb.
     0 | D:1      | Reached XP level 1. HP: 19/19 MP: 2/2
    56 | D:2      | Reached skill level 3 in Axes
    56 | D:2      | Reached XP level 2. HP: 26/26 MP: 3/3
   134 | D:2      | Reached skill level 4 in Axes
   134 | D:2      | Reached XP level 3. HP: 3/31 MP: 4/4
   242 | D:4      | Noticed Sigmund
   267 | D:4      | Killed Sigmund
   268 | D:4      | Reached skill level 6 in Axes
   268 | D:4      | Reached XP level 4. HP: 9/38 MP: 5/5
   268 | D:4      | Reached XP level 5. HP: 11/45 MP: 6/6
   268 | D:4      | Reached XP level 6. HP: 12/51 MP: 7/7
   317 | D:5      | Entered Level 5 of the Dungeon
   328 | D:5      | Noticed a centaur
   336 | D:5      | Reached skill level 7 in Axes
   346 | D:5      | Killed a centaur
   384 | D:5      | Reached skill level 8 in Axes
   384 | D:5      | Reached XP level 7. HP: 57/57 MP: 8/8
   417 | D:5      | Found a white marble altar of Elyvilon.
   515 | D:9      | Noticed a two-headed ogre
   521 | D:9      | Noticed a wyvern
   523 | D:9      | Slain by a two-headed ogre

Illustrated notes

Levels and vault maps discovered:
D:1:      moated_graveyard_arrival, layout_basic, minmay_misc_feat_rows
D:2:      minmay_skewed_foursquare, layout_loops_ring, serial_undead,
          serial_undead_b, serial_undead_e, serial_undead_d, serial_undead_f
D:3:      minmay_diamond_boxcup, layout_loops_ring, old_standard_altar,
          uniq_robin
D:4:      layout_basic, uniq_natasha, uniq_sigmund
D:5:      layout_cave_pods, general_overflow_altar, elyvilon_altar_3,
          minmay_temple_entry_crystal_x, feat_on_display
D:6:      layout_basic, minmay_fire_ice_demons, uniq_crazy_yiuf_cottage
D:7:      layout_basic, minmay_misc_feat_chi, nicolae_figureground_sparkle
D:8:      layout_loops_ring, ashenzari_altar_1, nzn_hepliaklqana_mist_gate,
          lair_entry_dummy, uniq_erica
D:9:      layout_big_octagon, mainiacjoe_overflow_six_doors_small,
          serial_column_ruins, column_ruins_hut_water,
          column_ruins_square_large, column_ruins_grid_1,
          column_ruins_columns_straight, column_ruins_open_small,
          column_ruins_open_large, column_ruins_columns_T, column_ruins_grid_3,
          hangedman_decor_riveting

Skill      XL: |  1  2  3  4  5  6 |
---------------+-------------------+-----
Axes           | 3 4 6 8 |  8.8
Fighting       | |  3.2
Armour         | |  3.6
Shields        | |  3.6

Action                     |  1- 3 |  4- 6 |  7- 9 || total
---------------------------+-------+-------+-------++-------
  Melee: War axe           |    47 |    16 |    12 ||    75
    Use: Potion            |     1 |       |       ||     1
 Armour: Scale mail        |    26 |    16 |    20 ||    62
  Dodge: Dodged            |    29 |    11 |    10 ||    50
  Block: Buckler           |    10 |     7 |     6 ||    23

Table legend: (Time is in decaauts)
 A = Elapsed time spent in this place.
 B = Non-inter-level travel time spent in this place.
 C = Inter-level travel time spent in this place.
 D = Time resting spent in this place.
 E = Time spent auto-exploring this place.
 F = Levels seen in this place.
 G = Mean time per level.
                   A        B        C        D        E       F      G
               +--------+--------+--------+--------+--------+-----+--------+
         Total |    536 |    522 |     14 |      0 |      0 |   9 |   59.6 |
       Dungeon |    536 |    522 |     14 |      0 |      0 |   9 |   59.6 |
               +--------+--------+--------+--------+--------+-----+--------+

Top non-repeatable levels by time:
     D:2: 124 daAuts
     D:5: 112 daAuts
     D:4: 88 daAuts
     D:3: 73 daAuts
     D:1: 49 daAuts
     D:6: 35 daAuts
     D:9: 24 daAuts
     D:7: 19 daAuts
     D:8: 8 daAuts
